Map: Omicron

Players

Gracz - Winner!

  • Race: Protoss Protoss
  • Spawn Location: 7:00

Contrast - Winner!

  • Race: Protoss Protoss
  • Spawn Location: 9:00

A.I. 2 (Very Easy)

  • Race: Zerg Zerg
  • Spawn Location: 3:00

A.I. 3 (Easy)

  • Race: Zerg Zerg
  • Spawn Location: 1:00

VOD

Have the link to the VOD?

Description

Time

  • Played on: May 1, 2016, 10:06 a.m.
  • Length: 19:42
Show
View Real Time Build Order
Export as new Build Order

Gracz Protoss - Winner!

Build Orders:  

Get SALT Encoding   

  12  0:06  Probe (Chrono Boost)  
  13  0:26  Probe (Chrono Boost)  
  14  0:36  Pylon  
  14  0:37  Probe (Chrono Boost)  
  15  0:55  Probe (Chrono Boost)  
  16  1:02  Assimilator  
  16  1:04  Assimilator  
  16  1:05  Probe (Chrono Boost)  
  17  1:19  Forge  
  16  2:29  Gateway  
  16  2:33  Gateway  
  16  2:35  Gateway  
  15  3:06  Nexus  
  15  3:20  Cybernetics Core  
  15  3:24  Gateway  
  15  3:36  Probe (Chrono Boost)  
  16  3:47  Probe (Chrono Boost)  
  16  3:48  Assimilator  
  17  3:57  Probe (Chrono Boost)  
  18  4:05  Sentry  
  18  4:06  Stalker  
  18  4:08  Probe (Chrono Boost)  
  23  4:18  Pylon, Probe (Chrono Boost)  
  24  4:29  Probe (Chrono Boost)  
  25  4:33  Pylon  
  25  4:50  Sentry x2  
  25  4:51  Stalker  
  31  4:58  Warp Gate (Chrono Boost)  
  31  5:12  Pylon  
  31  5:15  Pylon, Probe  
  32  5:25  Probe  
  33  5:36  Probe  
  32  5:46  Probe  
  33  5:57  Probe  
  33  5:59  Mothership Core  
  36  6:08  Probe  
  37  6:15  Stalker x4  
  37  6:18  Probe  
  45  6:20  Probe  
  47  6:29  Probe  
  47  6:32  Probe  
  49  6:39  Probe  
  49  6:40  Protoss Air Weapons Level 1 (Chrono Boost)  
  49  6:44  Probe  
  51  6:49  Pylon  
  51  6:56  Probe  
  52  7:09  Sentry  
  52  7:10  Sentry x2  
  60  7:31  Sentry  
  60  7:35  Stalker  
  62  8:21  Stargate  
  62  8:47  Stargate x2  
  62  8:51  Stargate  
  62  8:59  Probe  
  63  9:10  Probe  
  64  9:20  Assimilator  
  64  9:21  Probe  
  65  9:24  Probe  
  65  9:25  Nexus  
  66  9:32  Probe  
  66  9:36  Probe  
  68  9:42  Probe  
  69  9:48  Probe  
  70  9:53  Probe  
  71  10:03  Probe  
  73  10:22  Probe  
  73  10:26  Stargate  
  73  10:34  Probe  
  74  10:40  Assimilator  
  74  10:42  Assimilator  
  75  10:44  Probe  
  76  10:54  Probe  
  77  11:02  Probe  
  77  11:05  Probe  
  78  11:12  Probe  
  78  11:15  Probe  
  80  11:23  Probe  
  81  11:26  Probe  
  82  11:34  Probe  
  82  11:38  Void Ray (Chrono Boost)  
  82  11:39  Void Ray (Chrono Boost)  
  91  11:44  Probe  
  92  12:12  Pylon  
  92  12:31  Pylon, Void Ray x2 (Chrono Boost)  
  92  12:34  Pylon  
  100  12:40  Pylon  
  100  12:44  Pylon  
  108  12:52  Void Ray (Chrono Boost)  
  108  12:53  Pylon  
  108  12:55  Void Ray x2 (Chrono Boost)  
  108  12:58  Pylon  
  112  13:08  Void Ray x2 (Chrono Boost)  
  114  13:29  Void Ray (Chrono Boost)  
  125  13:38  Void Ray (Chrono Boost)  
  125  13:45  Void Ray (Chrono Boost)  
  123  14:00  Void Ray (Chrono Boost)  
  123  14:06  Pylon  
  123  14:07  Void Ray x2 (Chrono Boost)  
  123  14:08  Pylon  
  131  14:21  Void Ray (Chrono Boost)  
  131  14:22  Void Ray (Chrono Boost)  
  139  14:42  Void Ray (Chrono Boost)  
  143  14:53  Void Ray (Chrono Boost)  
  155  15:00  Void Ray (Chrono Boost)  
  155  15:04  Void Ray (Chrono Boost)  
  155  15:15  Void Ray (Chrono Boost)  
  159  15:25  Void Ray (Chrono Boost)  
  159  15:29  Fleet Beacon  
  159  15:30  Void Ray (Chrono Boost)  
  163  17:56  Void Ray (Chrono Boost)  
  165  18:00  Void Ray (Chrono Boost)  
Show
View Real Time Build Order
Export as new Build Order

Contrast Protoss - Winner!

Build Orders:  

Get SALT Encoding   

  12  0:12  Probe (Chrono Boost)  
  13  0:23  Probe (Chrono Boost)  
  14  0:33  Probe (Chrono Boost)  
  15  1:18  Pylon  
  15  1:32  Pylon  
  15  1:36  Probe (Chrono Boost)  
  15  1:37  Pylon  
  16  1:41  Pylon  
  17  1:47  Probe (Chrono Boost)  
  17  1:57  Probe (Chrono Boost)  
  17  1:58  Pylon  
  18  2:08  Probe (Chrono Boost)  
  19  2:18  Probe (Chrono Boost)  
  20  2:29  Probe (Chrono Boost)  
  21  2:39  Probe (Chrono Boost)  
  22  2:50  Probe (Chrono Boost)  
  23  3:00  Probe (Chrono Boost)  
  24  3:11  Probe (Chrono Boost)  
  25  3:21  Probe (Chrono Boost)  
  26  3:32  Probe (Chrono Boost)  
  27  3:43  Probe (Chrono Boost)  
  28  4:00  Probe (Chrono Boost)  
  29  4:11  Probe (Chrono Boost)  
  30  4:21  Probe (Chrono Boost)  
  31  4:32  Probe (Chrono Boost)  
  32  4:42  Probe (Chrono Boost)  
  33  5:07  Gateway  
  33  5:15  Gateway  
  33  5:22  Gateway  
  33  5:27  Probe (Chrono Boost)  
  30  5:38  Probe (Chrono Boost)  
  31  5:48  Probe (Chrono Boost)  
  32  5:59  Probe (Chrono Boost)  
  33  6:10  Probe (Chrono Boost)  
  34  6:12  Gateway  
  34  6:20  Probe (Chrono Boost)  
  34  6:21  Gateway  
  35  6:27  Gateway  
  35  6:32  Cybernetics Core  
  35  6:41  Cybernetics Core  
  35  6:59  Probe (Chrono Boost)  
  36  7:09  Probe (Chrono Boost)  
  37  7:20  Probe (Chrono Boost)  
  38  7:30  Probe (Chrono Boost)  
  39  7:41  Probe (Chrono Boost)  
  40  7:47  Forge  
  40  7:55  Forge  
  40  8:10  Probe (Chrono Boost)  
  41  8:21  Probe (Chrono Boost)  
  42  8:31  Probe (Chrono Boost)  
  43  8:42  Probe (Chrono Boost)  
  44  8:52  Probe (Chrono Boost)  
  45  9:03  Probe (Chrono Boost)  
  46  9:13  Probe (Chrono Boost)  
  48  9:24  Probe (Chrono Boost)  
  48  9:35  Probe (Chrono Boost)  
  48  10:10  Zealot  
  50  10:18  Zealot  
  52  10:22  Zealot  
  54  10:55  Probe (Chrono Boost)  
  55  11:32  Assimilator  
  55  11:35  Assimilator  
  55  13:40  Probe (Chrono Boost)  
  55  15:27  Nexus  
  55  16:39  Probe (Chrono Boost), Zealot x6  
  68  16:49  Probe (Chrono Boost)  
  69  17:19  Probe (Chrono Boost)  
  70  18:09  Pylon  
  70  18:12  Pylon  
  70  18:15  Pylon  
  70  18:18  Pylon  
  70  18:23  Pylon  
  70  18:25  Pylon  
  70  18:27  Zealot x3  
  70  18:28  Probe (Chrono Boost)  
  70  18:30  Zealot x3  
  83  18:38  Probe (Chrono Boost)  
  84  18:49  Probe (Chrono Boost)  
  84  18:54  Zealot x3  
  91  18:57  Zealot x3  
  91  18:59  Probe (Chrono Boost)  
  99  19:10  Probe (Chrono Boost)  
  99  19:20  Probe (Chrono Boost)  
Show
View Real Time Build Order
Export as new Build Order

A.I. 2 (Very Easy) Zerg 

Build Orders: Pool First 

Get SALT Encoding   

  12  0:01  Drone  
  13  0:12  Overlord  
  13  0:17  Drone  
  14  0:35  Spawning Pool  
  13  0:37  Extractor  
  13  0:39  Drone  
  13  0:47  Drone  
  14  0:52  Overlord  
  14  1:22  Zergling x2, Queen  
  17  1:31  Roach Warren  
  17  1:32  Extractor  
  15  1:36  Drone  
  16  1:43  Drone  
  17  1:48  Zergling x2  
  18  2:04  Drone  
  19  2:11  Drone  
  19  2:15  Zergling x2  
  21  2:19  Drone  
  22  2:29  Overlord  
  22  2:33  Drone  
  23  2:40  Drone  
  23  2:41  Roach  
  26  2:47  Drone  
  27  7:10  Lair, Drone, Overlord  
  28  7:18  Drone  
  29  7:25  Drone  
  29  7:28  Hatchery  
  29  7:32  Drone  
  30  7:39  Drone  
  31  7:46  Drone  
  31  8:08  Overseer x2  
  31  8:09  Spire  
  31  8:10  Zergling x2  
  28  8:41  Drone  
  29  8:48  Drone  
  30  8:55  Drone  
  30  8:57  Extractor x2  
  28  9:03  Drone  
  29  9:10  Drone  
  30  9:17  Drone  
  30  9:22  Mutalisk  
  33  9:24  Drone  
  34  9:31  Drone  
  35  9:38  Drone  
  36  9:45  Drone  
  37  9:53  Drone  
  38  10:00  Drone  
  39  10:07  Drone  
  39  10:09  Mutalisk  
  42  10:14  Drone  
  43  10:21  Drone  
  44  10:29  Drone  
  44  10:30  Overlord  
  44  10:32  Overseer  
  45  10:49  Drone, Overlord  
  46  10:56  Drone  
  47  12:56  Roach, Pneumatized Carapace  
  47  12:57  Overseer, Overlord  
  47  12:58  Evolution Chamber, Overlord  
  48  13:16  Roach  
  48  13:18  Hydralisk Den  
  49  13:21  Drone  
  50  13:30  Hatchery  
  50  13:31  Overseer  
  44  13:34  Roach  
  44  13:35  Overseer  
  46  13:52  Hydralisk  
  48  14:12  Zergling x2  
  49  14:19  Overseer, Overlord  
  49  14:30  Hydralisk  
  51  14:44  Drone  
  52  14:51  Drone  
  53  14:59  Extractor  
  52  15:00  Drone  
  52  15:02  Extractor  
  52  15:07  Drone  
  53  15:31  Overseer, Overlord  
  53  15:56  Hydralisk, Overlord  
  55  16:00  Drone  
  55  16:01  Hatchery  
  55  16:02  Extractor  
  41  16:07  Drone  
  40  16:14  Drone  
  26  16:21  Drone  
  26  16:25  Zergling x2  
  25  16:26  Hatchery  
  25  16:28  Drone  
  25  16:32  Overseer  
  25  16:36  Drone  
  25  16:38  Hatchery  
  25  16:42  Overlord  
  25  16:43  Drone  
Show
View Real Time Build Order
Export as new Build Order

A.I. 3 (Easy) Zerg 

Build Orders: Pool First 

Get SALT Encoding   

  12  0:01  Drone  
  13  0:12  Overlord  
  13  0:17  Drone  
  14  0:30  Drone  
  14  0:34  Drone  
  16  0:43  Spawning Pool  
  16  0:44  Extractor  
  16  0:46  Drone  
  15  0:51  Drone  
  16  0:58  Overlord  
  16  1:30  Queen  
  16  1:31  Zergling x2  
  19  1:34  Roach Warren  
  19  1:35  Zergling x2, Drone  
  20  1:42  Zergling x2  
  21  1:53  Zergling x2  
  22  2:03  Zergling x2  
  23  2:14  Zergling x2  
  24  2:24  Overlord  
  24  2:35  Drone  
  25  2:39  Drone  
  25  2:44  Drone  
  27  2:48  Drone  
  28  2:52  Drone  
  29  3:00  Drone  
  30  4:40  Roach, Drone, Overlord  
  30  4:41  Lair, Extractor  
  30  4:45  Drone  
  33  4:59  Roach  
  35  5:03  Hatchery  
  35  5:04  Drone  
  35  5:08  Drone  
  35  5:10  Overlord  
  35  5:12  Drone  
  37  5:17  Drone  
  37  5:19  Roach, Ravager  
  39  5:41  Overseer  
  39  5:42  Overseer  
  36  5:43  Hydralisk Den, Zergling x2  
  35  6:13  Hydralisk  
  35  6:15  Drone  
  38  6:19  Drone  
  38  6:23  Extractor, Drone  
  39  6:27  Extractor  
  39  6:28  Drone  
  39  6:32  Drone  
  40  6:36  Drone  
  41  6:41  Drone  
  41  6:45  Drone  
  43  6:49  Drone  
  43  6:54  Drone  
  45  6:58  Drone  
  46  7:02  Drone  
  46  7:06  Drone  
  48  7:11  Drone  
  48  7:15  Drone  
  50  7:19  Drone  
  51  7:24  Drone  
  51  7:28  Drone  
  51  7:29  Overlord  
  53  7:32  Drone  
  55  7:37  Drone  
  55  7:41  Drone  
  56  7:45  Drone  
  56  7:50  Drone  
  58  7:54  Drone  
  59  7:58  Drone  
  60  8:47  Overlord, Pneumatized Carapace  
  60  8:48  Overseer  
  60  8:49  Infestation Pit  
  60  8:50  Evolution Chamber  
  58  9:05  Hydralisk, Overlord  
  58  9:06  Drone  
  61  9:17  Zerg Melee Weapons Level 1  
  61  9:32  Hive  
  61  9:54  Hydralisk  
  53  10:16  Zergling x2  
  54  10:24  Hatchery  
  53  10:48  Ultralisk Cavern  
  52  11:11  Zerg Ground Armor Level 1  
  52  11:35  Ultralisk  
  52  11:38  Drone  
  59  11:42  Drone  
  59  11:46  Drone  
  61  11:50  Drone  
  62  11:55  Drone  
  62  11:57  Extractor, Ultralisk  
  62  11:59  Drone  
  62  12:01  Extractor  
  68  12:03  Drone  
  69  13:05  Zerg Missile Weapons Level 1  
  69  13:13  Spire  
  69  13:14  Drone  
  69  13:52  Zergling x2  
  69  13:53  Overseer  
  69  13:54  Overseer  
  53  13:57  Overlord  
  53  14:09  Overseer  
  53  14:15  Overlord  
  53  14:26  Zerg Flyer Weapons Level 1  
  53  14:27  Corruptor  
  55  14:34  Overlord  
  55  14:41  Corruptor  
  57  14:58  Overseer, Overlord  
  57  14:59  Zerg Ground Armor Level 2  
  57  16:01  Hatchery  
  56  16:20  Zerg Flyer Armor Level 1  
  56  16:50  Zergling x2  
  56  16:55  Zergling x2  
  56  16:57  Overlord  
  56  16:59  Mutalisk  
  59  17:03  Mutalisk  
  59  17:08  Zergling x2  
  62  17:12  Zergling x2  
  63  17:17  Zergling x2, Overlord  
  63  17:20  Mutalisk  
  63  17:24  Extractor  
  63  17:25  Mutalisk  
  63  17:28  Extractor  
  55  17:30  Zergling x2  
  55  17:34  Zergling x2  
  55  17:35  Overlord, Drone  
  57  17:38  Zergling x2  
  57  17:39  Drone  
  57  17:43  Zergling x2  
  57  17:44  Drone  
  53  17:45  Hatchery  
  53  17:48  Zergling x2  
  53  17:49  Drone  
  45  17:52  Mutalisk  
  45  17:53  Drone  
  45  17:56  Overseer  
  45  17:57  Mutalisk  
  45  17:58  Drone  
  42  18:01  Mutalisk  
  42  18:03  Overlord  
  41  18:06  Mutalisk, Extractor  
  41  18:19  Mutalisk  
  41  18:23  Mutalisk  
  43  18:28  Extractor  
  43  18:29  Overlord  
  36  18:46  Spawning Pool  
  36  18:47  Evolution Chamber  
  33  18:50  Extractor, Overlord  
  18  18:56  Drone  
  18  19:02  Spawning Pool  
  18  19:03  Evolution Chamber  
  18  19:07  Drone  
  12  19:11  Drone  
  12  19:14  Evolution Chamber  
  11  19:17  Drone  
  4  19:24  Drone  
Tags
 
Add a new tag
Caveats
  • Supply blocks, unpowered buildings, or Contaminate may cause inaccurate times.
  • Supply counts are checked every 10 seconds.